General information
			
			
        
        - name: BNet
 
        - type: Ladder 1vs1/FFA
 
        - host: Battle.net
 
        - saver: DirtMcGirt
 
        
map: CentaurGrove 
        - players: 2
 
        - length: 15:16
 
        - speed: Fast
 - version: 1.22 W3XP
 - replay type:  Public
 
» download(51 KB)
Players
        team 1 (winner) 
              
              
» 
DirtMcGirt (
red | 105 APM | 1603 actions | 15:16)
              
 5 Death Knight 
 3 Death Coil
 2 Unholy Aura
 4 Lich 
 2 Frost Nova
 2 Frost Armor
 
                » actions 
                
                | Assign group hotkey | 10 |  | 
| Build / train | 51 |  | 
| Enter build submenu | 13 |  | 
| Enter hero's abilities submenu | 9 |  | 
| Give item / drop item | 5 |  | 
| Right click | 723 |  | 
| Select / deselect | 572 |  | 
| Select group hotkey | 163 |  | 
| Use ability | 57 |  | 
                1603 total
 » units 
                
                | Acolyte | 7 |  | 
| Ghoul | 4 |  | 
| Crypt Fiend | 13 |  | 
                24 total
 » upgrades
                
                | Burrow | 1 |  | 
| Web | 1 |  | 
| Creature Attack | 1 |  | 
| Creature Carapace | 1 |  | 
                4 total
 » buildings
                
                | Altar of Darkness | 1 |  | 
| Crypt | 1 |  | 
| Ziggurat | 8 |  | 
| Tomb of Relics | 1 |  | 
| Nerubian Tower | 2 |  | 
| Graveyard | 1 |  | 
| Halls of the Dead | 2 |  | 
| Necropolis | 1 |  | 
| Spirit Tower | 1 |  | 
| Black Citadel | 2 |  | 
                20 total
 » build order
                00:10 Altar of Darkness
00:18 Crypt
00:34 Ziggurat
01:00 Tomb of Relics
01:14 Ziggurat
02:02 Nerubian Tower
02:09 Graveyard
03:22 Halls of the Dead
03:22 Halls of the Dead
03:46 Ziggurat
04:37 Ziggurat
08:21 Necropolis
08:57 Ziggurat
08:58 Ziggurat
10:28 Spirit Tower
12:08 Black Citadel
12:08 Black Citadel
12:22 Nerubian Tower
12:26 Ziggurat
12:28 Ziggurat
» items
                
                | Rod of Necromancy | 1 |  | 
| Scroll of Town Portal | 1 |  | 
| Potion of Healing | 1 |  | 
| Scroll of Healing | 1 |  | 
| Scroll of Protection | 1 |  | 
                5 total
  
               team 2 (loser) 
              
              
» 
cHriStmaS.bUd (
pink | 63 APM | 965 actions | 15:15)
              
 3 Keeper of the Grove 
 2 Entangling Roots
 1 Thorns Aura
 2 Priestess of the Moon 
 1 Trueshot Aura
 1 Searing Arrows
 
                » actions 
                
                | Assign group hotkey | 35 |  | 
| Basic commands | 55 |  | 
| Build / train | 73 |  | 
| Enter build submenu | 19 |  | 
| Enter hero's abilities submenu | 6 |  | 
| Remove unit from queue | 2 |  | 
| Right click | 231 |  | 
| Select / deselect | 286 |  | 
| Select group hotkey | 227 |  | 
| Use ability | 31 |  | 
                965 total
 » units 
                
                | Wisp | 23 |  | 
| Archer | 18 |  | 
| Dryad | 15 |  | 
| Druid of the Talon | 2 |  | 
                58 total
 » upgrades
                
                | Strength of the Moon | 2 |  | 
| Moon Armor | 1 |  | 
| Strength of the Wild | 1 |  | 
| Reinforced Hides | 1 |  | 
                5 total
 » buildings
                
                | Altar of Elders | 1 |  | 
| Moon Well | 7 |  | 
| Ancient of War | 1 |  | 
| Hunter's Hall | 1 |  | 
| Tree of Life | 1 |  | 
| Tree of Ages | 1 |  | 
| Ancient of Lore | 2 |  | 
| Ancient Protector | 2 |  | 
| Ancient of Wind | 1 |  | 
                17 total
 » build order
                00:07 Altar of Elders
00:09 Moon Well
00:49 Ancient of War
01:33 Moon Well
02:56 Moon Well
03:26 Hunter's Hall
04:51 Tree of Life
05:15 Tree of Ages
07:12 Moon Well
07:16 Moon Well
07:42 Ancient of Lore
08:21 Ancient Protector
08:51 Moon Well
10:16 Moon Well
11:45 Ancient Protector
11:58 Ancient of Lore
12:52 Ancient of Wind
 
                Chat log
          (00:13 / All) cHriStmaS.bUd: fuck i hate playing against orc ><
(00:20 / All) DirtMcGirt: yea why?
(00:25 / All) cHriStmaS.bUd: hard
(00:31 / All) DirtMcGirt: whats ur best matchup?
(00:39 / All) cHriStmaS.bUd: im saying i hate versing an orc
(00:48 / All) DirtMcGirt: im saying what race u like playing against?
(00:54 / All) cHriStmaS.bUd: UD
(01:08 / All) DirtMcGirt: o i see
(01:13 / All) cHriStmaS.bUd: lol i know ur not orc
(01:14 / All) cHriStmaS.bUd: ur hu
(01:15 / All) cHriStmaS.bUd: haha
(01:30 / All) DirtMcGirt: yea?
(01:47 / All) cHriStmaS.bUd: yeah ;(
(05:38 / All) cHriStmaS.bUd: u ever kiss a girl?
(05:41 / All) DirtMcGirt: yea
(05:45 / All) cHriStmaS.bUd: lucky
(06:17 / All) cHriStmaS.bUd: u dip?
(06:19 / All) DirtMcGirt: no
(06:23 / All) DirtMcGirt: smoke weed
(06:26 / All) cHriStmaS.bUd: atat kid
(06:28 / All) cHriStmaS.bUd: atta*
(15:11 / All) DirtMcGirt: gg